 Dungeon Crawl Stone Soup version 0.30.0-29-ga12c61a403 (webtiles) character file.

Game seed: 11587304435966749601

35 monsoonserge the Trooper (level 3, -1/29 HPs)
             Began as a Demonspawn Monk on June 15, 2023.
             Slain by a gnoll
             ... wielding a +0 flail
              (3 damage)
             ... on level 2 of the Dungeon.
             The game lasted 00:01:56 (705 turns).

monsoonserge the Trooper (Demonspawn Monk)           Turns: 705, Time: 00:01:57

Health: -1/29      AC:  5    Str: 11    XL:     3   Next: 17%
Magic:  3/3        EV: 11    Int: 11    God:
Gold:   53         SH:  0    Dex: 17    Spells: 2/2 levels left

rFire   . . .        a - +0 falchion
rCold   . . .        d - orb {light}
rNeg    . . .        e - +0 ring mail
rPois   .            (no helmet)
rElec   .            (no cloak)
rCorr   .            (no gloves)
SInv    .            (no boots)
Will    .....        (no amulet)
Stlth   +            (no ring)
HPRegen 0.24/turn    (no ring)
MPRegen 0.08/turn

%: no passive effects
@: glowing
A: powered by death 1
a: no special abilities


You were on level 2 of the Dungeon.
You visited 1 branch of the dungeon, and saw 2 of its levels.

You collected 53 gold pieces.

Inventory:

Hand Weapons
 a - a +0 falchion (weapon)
Armour
 b - a +0 robe
 d - an orb of light (worn)
 e - a +0 ring mail (worn)
 h - a +0 chain mail
Jewellery
 j - a ring of positive energy
Scrolls
 f - 2 scrolls of identify {unknown}
 g - a scroll of acquirement {unknown}
Potions
 c - a potion of ambrosia
 i - a potion of invisibility {unknown}


   Skills:
 + Level 3.3 Fighting
 + Level 3.2 Long Blades
 + Level 3.2 Dodging


You had 2 spell levels left.
You didn't know any spells.
Your spell library was empty.

Dungeon Overview and Level Annotations

Branches:
Dungeon (2/15)

Altars:


Innate Abilities, Weirdness & Mutations

You regenerate a little health from kills.


Message History

A frilled lizard comes into view.
The frilled lizard hisses angrily.
The frilled lizard misses you.
You closely miss the frilled lizard. The frilled lizard barely misses you.
You closely miss the frilled lizard. The frilled lizard bites you.
You hit the frilled lizard.
You kill the frilled lizard!
Found a scroll labelled CEBIEM FULESE.
You see here a frilled lizard corpse.
f - 2 scrolls labelled CEBIEM FULESE (gained 1)
You see here a bat skeleton.
There is a stone staircase leading down here.
You see here a +0 mace.
You open the door.
There is an open door here.
Found a ring mail.
Found 7 gold pieces.
You now have 53 gold pieces (gained 7).
There are no items here.
Done exploring.
Done exploring.
There is a stone staircase leading down here.
You climb downwards.
The endoplasm quivers.
The hobgoblin shouts!
The gnoll shouts! x3; You hear a shout!
Found a coral ring.
Found a stone staircase leading down and a stone staircase leading up.
There is a stone staircase leading up here.
The hobgoblin closely misses you.
You see here a ring of positive energy.
j - a ring of positive energy The hobgoblin hits you.
The endoplasm closely misses you. The endoplasm attacks as you move away!
The endoplasm closely misses you. The gnoll hits you with a +0 flail!
The hobgoblin hits you.
The gnoll hits you from afar with a +0 spear.
The gnoll hits you with a +0 flail!
* * * LOW HITPOINT WARNING * * *
The gnoll attacks as you move away! The gnoll misses you.
The gnoll hits you with a +0 flail.
You die...

#####
##########...#####
.......J#.........
.......gg......##
#####.#.gg@.....#
#....g......>#
..<.#...........
####.#........###
# #.......##
.......##
.#..##.## #.#.. .#


You could see 4 gnolls, an endoplasm and a hobgoblin.

Vanquished Creatures
  A gnoll (D:1)
  4 bats (D:1)
  4 endoplasms (D:1)
  A giant cockroach (D:1)
  A goblin (D:1)
  2 hobgoblins (D:1)
  2 quokkas (D:1)
  2 ball pythons (D:1)
  A frilled lizard (D:1)
  4 kobolds (D:1)
  A rat (D:1)
23 creatures vanquished.

Notes
Turn   | Place    | Note
-------+----------+-------------------------------------------
     0 | D:1      | monsoonserge the Demonspawn Monk began the quest for the
                  | Orb.
     0 | D:1      | Reached XP level 1. HP: 18/18 MP: 1/1
    13 | D:1      | Gained mutation: You regenerate a little health from kills.
                  | [demonic ancestry]
    13 | D:1      | Reached XP level 2. HP: 6/24 MP: 2/2
   261 | D:1      | Reached XP level 3. HP: 19/29 MP: 3/3
   705 | D:2      | Slain by a gnoll

Illustrated notes

Levels and vault maps discovered:
D:1:      lemuel_arrival_broad_hall, layout_basic
D:2:      layout_loops_ring, ebering_ecumenical_altar_rust

Skill      XL: |  1  2 |
---------------+-------+-----
Dodging        | 3 |  3.2
Long Blades    | 3 |  3.2
Fighting       | |  3.3

Action                     || total
---------------------------++-------
  Melee: Falchion          ||    46
 Armour: Ring mail         ||    17
         Chain mail        ||     3
  Dodge: Dodged            ||    40
